Map: 黑色燃烧-天梯版

Players

ShoWTimE - Winner!

  • Race: Protoss Protoss

TIME (Oliveira)

  • Race: Terran Terran

Event: DreamHack SC2 Masters Last Chance 2022

VOD

Have the link to the VOD?

Description

Time

  • Played on: Dec. 19, 2021, 7:58 p.m.
  • Length: 30:26

All games in this series

Show
View Real Time Build Order
Export as new Build Order

ShoWTimE Protoss - Winner!

Build Orders: 1 Gate Expand, Oracle Opening, Carriers 

Get SALT Encoding   

  12  0:00  Probe  
  13  0:12  Probe  
  14  0:17  Pylon  
  14  0:24  Probe (Chrono Boost)  
  15  0:36  Gateway, Probe (Chrono Boost)  
  16  0:44  Probe (Chrono Boost)  
  16  0:46  Assimilator  
  17  0:51  Probe  
  18  1:03  Probe  
  19  1:15  Probe  
  20  1:22  Nexus  
  20  1:32  Cybernetics Core  
  20  1:35  Probe  
  21  1:40  Assimilator  
  21  1:48  Probe  
  21  1:51  Pylon  
  22  2:00  Probe  
  23  2:07  Stalker (Chrono Boost)  
  23  2:15  Shield Battery  
  25  2:16  Probe  
  26  2:27  Stalker (Chrono Boost)  
  28  2:34  Probe  
  28  2:36  Shield Battery  
  29  2:37  Probe  
  29  2:45  Stargate  
  29  2:47  Probe  
  29  2:51  Probe  
  31  2:58  Stalker  
  33  3:01  Probe  
  33  3:03  Probe  
  35  3:10  Shield Battery  
  35  3:13  Probe  
  35  3:17  Probe  
  37  3:25  Probe  
  37  3:26  Oracle (Chrono Boost)  
  38  3:30  Warp Gate (Chrono Boost)  
  38  3:31  Probe  
  42  3:38  Probe  
  43  3:43  Probe  
  44  3:50  Probe  
  44  3:55  Probe  
  46  4:04  Pylon  
  46  4:08  Twilight Council  
  46  4:13  Gateway  
  46  4:20  Gateway  
  46  4:22  Probe x2  
  48  4:30  Robotics Facility  
  48  4:32  Pylon  
  48  4:35  Probe x2  
  48  4:37  Assimilator  
  50  4:39  Pylon  
  50  4:41  Assimilator, Sentry  
  52  4:47  Probe x2  
  54  4:59  Probe x2  
  56  5:11  Probe x2, Sentry  
  60  5:14  Immortal (Chrono Boost), Sentry  
  60  5:15  Forge  
  60  5:18  Stalker  
  60  5:21  Pylon  
  68  5:23  Robotics Bay, Probe  
  68  5:26  Probe  
  68  5:27  Pylon  
  70  5:38  Probe  
  70  5:39  Probe  
  70  5:45  Observer (Chrono Boost), Pylon  
  71  5:50  Protoss Ground Weapons Level 1  
  71  5:51  Probe  
  71  5:55  Pylon  
  72  5:58  Nexus, Probe  
  72  6:03  Probe  
  74  6:04  Twilight Council  
  74  6:08  Colossus (Chrono Boost)  
  74  6:11  Pylon  
  80  6:19  Probe  
  80  6:20  Probe  
  80  6:22  Shield Battery  
  80  6:24  Stalker  
  84  6:27  Stalker  
  84  6:31  Stalker, Probe  
  89  6:38  Probe  
  90  6:44  Probe  
  85  6:49  Zealot  
  85  6:51  Zealot  
  80  6:56  Probe  
  80  6:57  Colossus (Chrono Boost)  
  80  6:59  Probe, Shield Battery  
  88  7:05  Stalker  
  88  7:06  Shield Battery  
  90  7:09  Stalker  
  90  7:11  Stalker  
  94  7:18  Probe x3  
  94  7:21  Shield Battery  
  97  7:27  Gateway  
  97  7:28  Gateway  
  97  7:32  Probe x2  
  97  7:33  Probe, Pylon  
  97  7:35  Assimilator  
  100  7:39  Assimilator  
  100  7:40  Stalker x2, Blink (Chrono Boost)  
  104  7:46  Colossus (Chrono Boost)  
  110  7:54  Sentry  
  112  8:01  Gateway  
  112  8:03  Protoss Ground Weapons Level 2 (Chrono Boost)  
  112  8:04  Pylon  
  112  8:05  Sentry  
  114  8:08  Probe  
  113  8:13  Zealot  
  103  8:20  Stalker  
  95  8:30  Warp Prism (Chrono Boost), Nexus  
  95  8:32  Pylon  
  95  8:34  Sentry x3  
  99  8:38  Forge  
  99  8:40  Stalker  
  105  8:46  Stalker  
  105  8:48  Gateway  
  107  8:51  Gateway, Probe x3  
  110  8:59  Stalker x2  
  114  9:14  Nexus  
  114  9:15  Shield Battery  
  114  9:16  Zealot x4  
  122  9:17  Pylon  
  122  9:19  Extended Thermal Lance (Chrono Boost)  
  122  9:24  Charge (Chrono Boost)  
  122  9:30  Shield Battery  
  122  9:33  Photon Cannon  
  122  9:35  Protoss Ground Armor Level 1 (Chrono Boost), Zealot x2  
  122  9:36  Zealot  
  127  9:39  Zealot  
  127  9:42  Pylon  
  129  9:50  Zealot x3  
  129  9:51  Zealot  
  137  9:57  Pylon  
  137  10:01  Zealot x3  
  139  10:10  Templar Archives  
  139  10:12  Zealot x3  
  141  10:15  Zealot  
  141  10:18  Protoss Ground Weapons Level 3 (Chrono Boost)  
  141  10:19  Colossus (Chrono Boost)  
  143  10:25  Pylon  
  149  10:36  Zealot x3  
  155  10:43  Zealot, Probe x2  
  155  10:44  Probe x2  
  155  10:48  Assimilator, High Templar x2  
  163  10:53  Assimilator, Archon  
  163  10:54  High Templar x2  
  156  10:59  Archon  
  156  11:06  High Templar x3  
  156  11:07  High Templar  
  170  11:11  Archon x2  
  170  11:13  Probe  
  170  11:16  Disruptor (Chrono Boost)  
  171  11:22  Robotics Facility  
  171  11:23  Dark Shrine  
  171  11:24  Zealot  
  171  11:25  Zealot, Protoss Ground Armor Level 2 (Chrono Boost)  
  170  11:29  Zealot x2  
  172  11:46  Zealot x6  
  176  11:47  Disruptor (Chrono Boost)  
  162  12:07  Stalker x4  
  162  12:08  Stalker x3  
  172  12:09  Assimilator  
  172  12:14  Disruptor (Chrono Boost)  
  168  12:17  Pylon  
  171  12:24  Photon Cannon  
  171  12:27  Nexus  
  171  12:30  Probe, Disruptor (Chrono Boost)  
  171  12:31  Probe  
  164  12:37  Zealot x5  
  164  12:40  Zealot x3  
  133  12:57  Probe x2  
  133  12:58  Probe x2, Disruptor (Chrono Boost)  
  137  13:00  Assimilator  
  137  13:04  Observer (Chrono Boost)  
  141  13:07  Protoss Shields Level 1 (Chrono Boost)  
  141  13:09  Probe  
  141  13:10  Probe  
  141  13:11  Stalker x8  
  159  13:13  Probe  
  160  13:20  Shield Battery  
  160  13:25  Observer  
  161  13:27  Observer  
  162  13:38  Photon Cannon  
  162  13:39  Pylon  
  162  13:40  Photon Cannon  
  160  13:41  Shield Battery  
  160  13:43  Shadow Stride (Chrono Boost)  
  160  13:48  Pylon  
  160  13:51  Probe x2  
  162  13:57  Dark Templar x2  
  162  13:58  Dark Templar x6  
  178  14:06  Gateway  
  178  14:10  Protoss Ground Armor Level 3 (Chrono Boost)  
  178  14:13  Pylon  
  178  14:27  Fleet Beacon  
  178  14:29  Stargate  
  178  14:32  Dark Templar  
  178  14:33  Protoss Air Weapons Level 1 (Chrono Boost), Stargate  
  178  14:34  Dark Templar  
  182  14:39  Observer  
  182  14:41  Assimilator  
  182  14:45  Assimilator  
  182  14:53  Protoss Shields Level 2 (Chrono Boost)  
  182  14:56  Nexus  
  182  14:57  Pylon  
  182  15:02  Observer  
  182  15:11  Observer  
  182  15:13  Carrier x2 (Chrono Boost)  
  200  15:27  Carrier (Chrono Boost)  
  200  15:31  Photon Cannon  
  200  15:32  Photon Cannon  
  200  15:34  Shield Battery  
  200  15:37  Shield Battery  
  200  15:38  Pylon  
  194  16:07  Carrier (Chrono Boost)  
  175  16:27  Zealot x8  
  175  16:29  Dark Templar  
  175  16:32  Disruptor x2  
  184  16:36  Psionic Storm  
  162  16:42  Carrier x2  
  166  16:48  Nexus  
  152  16:59  Nexus, High Templar x3  
  158  17:03  Pylon  
  158  17:04  Carrier  
  158  17:07  Observer  
  164  17:08  Disruptor (Chrono Boost)  
  164  17:09  Disruptor (Chrono Boost)  
  164  17:10  Assimilator  
  164  17:11  Assimilator  
  170  17:29  Stalker x5  
  180  17:30  Stalker  
  182  17:43  Zealot x3  
  183  17:54  Zealot x5  
  192  18:02  Carrier  
  198  18:12  Dark Templar x3  
  200  18:26  Protoss Air Weapons Level 2 (Chrono Boost)  
  186  18:47  Zealot x3  
  192  18:50  Zealot x5  
  190  18:56  Disruptor x2  
  190  18:58  Protoss Shields Level 3 (Chrono Boost)  
  196  19:09  Shield Battery  
  194  19:11  Shield Battery  
  194  19:13  Stalker x3  
  191  19:34  Stalker x4  
  191  19:35  Stalker  
  191  19:36  Probe  
  191  19:37  Probe x2  
  191  19:38  Probe x3  
  197  19:48  Probe  
  198  20:03  Photon Cannon  
  198  20:06  Photon Cannon  
  196  20:08  Observer x2, Shield Battery  
  196  20:10  Shield Battery  
  196  20:11  Pylon  
  196  20:13  Pylon  
  192  20:29  Nexus  
  192  20:31  Pylon  
  192  20:40  Pylon, Tempest (Chrono Boost)  
  192  20:45  Protoss Air Weapons Level 3 (Chrono Boost)  
  197  20:54  Gravitic Boosters (Chrono Boost)  
  197  21:04  Photon Cannon  
  197  21:05  Photon Cannon, High Templar  
  197  21:07  Photon Cannon  
  197  21:09  Photon Cannon  
  199  21:11  Shield Battery  
  199  21:14  Shield Battery  
  199  21:16  Pylon  
  199  21:25  High Templar  
  195  21:34  Tempest x2 (Chrono Boost)  
  195  21:39  Tempest (Chrono Boost)  
  198  21:44  Stalker x2  
  193  21:52  Stalker x4  
  193  21:53  Stalker x2  
  175  21:59  Stalker  
  173  22:08  Shield Battery  
  173  22:11  Assimilator, Tempest x2 (Chrono Boost)  
  173  22:12  Shield Battery  
  173  22:14  Stalker x2, Shield Battery  
  187  22:16  Assimilator, Pylon  
  187  22:20  Stalker x6  
  197  22:43  Stalker x4  
  197  22:44  Stalker x2  
  192  22:55  Stalker x3  
  196  23:06  Stalker  
  196  23:07  Stalker  
  198  23:14  Observer  
  198  23:15  Observer  
  200  23:36  High Templar  
  200  23:42  Gateway  
  200  23:45  Gateway  
  200  23:48  Gateway, Unknown  
  192  23:50  Gateway  
  186  23:56  Zealot x4, Gateway  
  186  23:57  Zealot  
  186  24:00  Zealot x3  
  196  24:02  Observer  
  196  24:13  Oracle (Chrono Boost)  
  199  24:27  Protoss Air Armor Level 1 (Chrono Boost)  
  194  24:34  Tempest  
  198  24:45  High Templar  
  171  25:20  Stalker x4  
  171  25:21  Stalker x5  
  183  25:25  Disruptor x2 (Chrono Boost)  
  180  25:45  High Templar x4  
  183  25:56  Stalker x4  
  183  25:57  Stalker  
  187  26:19  Oracle (Chrono Boost)  
  187  26:21  Pylon  
  190  26:27  Observer  
  190  26:28  Observer  
  192  26:43  Stalker x4  
  200  26:57  Protoss Air Armor Level 2 (Chrono Boost)  
  183  27:29  Oracle  
  181  27:43  Archon  
  179  27:44  High Templar x2  
  179  27:49  Observer  
  182  28:11  Tempest x2  
  187  28:50  Tempest  
  180  29:14  High Templar  
  167  29:33  Stalker x8  
  177  29:51  Stalker  
  179  29:54  Stalker x4  
  188  30:06  Zealot x6  
  200  30:15  Nexus  
  200  30:23  Pylon  
Show
View Real Time Build Order
Export as new Build Order

TIME Terran 

Build Orders: Reaper Expand 

Get SALT Encoding   

  12  0:00  SCV  
  13  0:12  SCV  
  14  0:17  Supply Depot  
  14  0:24  SCV  
  15  0:39  SCV  
  15  0:41  Barracks  
  16  0:45  Refinery  
  16  0:51  SCV  
  17  1:03  SCV  
  18  1:16  SCV  
  19  1:29  Reaper, Orbital Command  
  20  1:40  Bunker  
  20  1:51  Command Center  
  20  1:55  SCV  
  21  2:02  Reaper  
  21  2:07  SCV  
  23  2:14  Supply Depot  
  23  2:25  Barracks  
  23  2:35  Barracks Reactor  
  23  2:36  SCV  
  24  2:42  Barracks  
  24  2:48  SCV  
  25  3:00  SCV  
  25  3:03  Orbital Command  
  26  3:12  SCV, Barracks Tech Lab, Marine x2  
  29  3:15  Refinery  
  29  3:24  SCV  
  30  3:30  SCV, Barracks Tech Lab, Marine x2  
  30  3:31  Stimpack, Marine  
  34  3:37  SCV  
  35  3:42  SCV  
  35  3:48  Marine  
  36  3:49  SCV  
  36  3:53  Marauder, Combat Shield  
  36  3:54  SCV, Marine  
  40  3:57  Marine  
  40  4:01  Supply Depot, SCV  
  42  4:06  SCV  
  42  4:07  Supply Depot  
  42  4:09  Marine  
  44  4:13  SCV  
  45  4:17  Marine  
  45  4:22  Engineering Bay, Marine x2  
  45  4:23  SCV  
  49  4:25  SCV  
  49  4:29  Marine  
  49  4:30  Supply Depot  
  48  4:35  SCV  
  48  4:37  SCV  
  50  4:41  Marine  
  51  4:47  SCV  
  51  4:49  Missile Turret, SCV  
  51  4:50  Missile Turret, Terran Infantry Weapons Level 1, Marine  
  54  4:54  Marine  
  54  4:56  Marine  
  54  4:59  SCV  
  57  5:01  Marine  
  57  5:02  SCV  
  59  5:07  Factory  
  59  5:08  Marine  
  59  5:11  SCV  
  59  5:12  Refinery, Marine  
  62  5:14  Marine  
  62  5:17  SCV  
  62  5:19  Marine  
  65  5:22  Supply Depot  
  65  5:23  SCV  
  65  5:24  Supply Depot  
  66  5:29  SCV  
  66  5:31  Marine  
  68  5:35  SCV  
  68  5:40  Marauder x2, Marine  
  68  5:41  SCV  
  70  5:47  SCV  
  71  5:50  Concussive Shells  
  71  5:51  Starport, Factory Reactor  
  71  5:53  SCV  
  71  5:57  Marine  
  71  6:01  Marauder, SCV  
  71  6:02  Marauder, Supply Depot  
  71  6:03  Refinery  
  76  6:07  Marine  
  76  6:10  SCV  
  78  6:13  SCV  
  79  6:19  Marine  
  79  6:21  Command Center  
  79  6:25  Marauder x2  
  84  6:33  Factory Tech Lab  
  84  6:34  Supply Depot, Medivac x2  
  84  6:36  Marine  
  84  6:38  SCV  
  87  6:50  Marauder, Marine x2  
  87  6:53  SCV  
  79  6:55  Siege Tank, Marine  
  79  6:57  SCV  
  80  7:05  SCV  
  80  7:07  Barracks  
  81  7:08  Barracks  
  81  7:09  SCV  
  81  7:11  Marauder  
  81  7:13  Medivac x2  
  88  7:17  SCV  
  88  7:21  SCV  
  92  7:22  Marauder, Marine  
  92  7:29  SCV  
  94  7:30  Siege Tank, Marine  
  94  7:32  Marauder  
  94  7:35  Orbital Command  
  100  7:43  SCV, Marine  
  102  7:46  Marauder  
  102  7:48  Marine  
  105  7:55  SCV x2  
  105  7:57  Barracks Reactor, Barracks Tech Lab  
  107  7:59  Medivac x2, Armory, Terran Infantry Armor Level 1  
  107  8:00  Engineering Bay  
  107  8:01  SCV  
  107  8:02  Supply Depot  
  107  8:05  Marauder, Marine  
  115  8:08  SCV  
  115  8:10  Siege Tank  
  106  8:16  Marauder, Marine x2  
  102  8:24  Marine  
  102  8:27  Marauder  
  93  8:28  SCV x2  
  93  8:29  SCV  
  93  8:32  Command Center  
  93  8:33  Marine  
  91  8:35  Marine x2  
  91  8:36  Marauder  
  91  8:40  SCV  
  91  8:41  Marauder  
  98  8:43  SCV x2, Medivac x2  
  98  8:45  Refinery, Marine  
  98  8:46  Refinery, Siege Tank  
  108  8:49  Terran Infantry Weapons Level 2  
  108  8:53  Marauder  
  110  8:56  Supply Depot  
  110  8:58  Supply Depot  
  110  8:59  Marauder, Marine  
  113  9:06  Marauder, Marine x2  
  113  9:09  Marine  
  118  9:14  Marauder  
  120  9:17  Marine  
  120  9:21  Marine  
  120  9:22  Barracks  
  120  9:24  Marine  
  122  9:25  Marine, Barracks  
  122  9:27  Marine  
  122  9:28  Marauder, SCV x2  
  122  9:30  Siege Tank  
  132  9:31  Medivac x2  
  132  9:33  Drilling Claws  
  132  9:36  Marine x2  
  138  9:39  Marauder  
  138  9:43  SCV  
  141  9:47  SCV  
  141  9:48  Supply Depot  
  141  9:49  Supply Depot  
  142  9:53  Marauder  
  142  9:55  Marauder  
  142  9:56  Marine x2  
  148  10:00  Marauder  
  148  10:03  Viking x2  
  148  10:05  Marine x2  
  155  10:09  Siege Tank  
  158  10:15  Marauder, Missile Turret  
  158  10:17  Planetary Fortress  
  158  10:18  Barracks Reactor  
  158  10:19  Missile Turret, Barracks Tech Lab  
  160  10:25  Marine x2  
  160  10:26  Marauder  
  164  10:31  Terran Infantry Armor Level 2  
  164  10:35  Viking x2  
  167  10:36  SCV x2  
  167  10:39  Supply Depot  
  169  10:44  Marauder x2  
  169  10:45  Ghost Academy  
  173  10:55  Siege Tank  
  176  10:58  Marine x2  
  176  10:59  Marauder  
  176  11:00  Marauder, Marine  
  183  11:09  Supply Depot  
  183  11:10  Command Center  
  183  11:12  Terran Infantry Weapons Level 3  
  183  11:17  Ghost  
  185  11:25  Ghost  
  187  11:30  Ghost  
  187  11:31  Refinery x2  
  188  11:42  Ghost  
  188  11:43  Marine  
  181  11:51  Marauder, Marine x2  
  184  11:54  Marauder  
  170  12:01  Marine x2  
  170  12:02  Marauder  
  170  12:07  Marine  
  170  12:08  Siege Tank  
  170  12:11  Marauder  
  170  12:12  Marauder  
  170  12:14  Marine x2  
  176  12:15  Marauder  
  176  12:16  Viking  
  176  12:20  Starport  
  176  12:21  Fusion Core  
  178  12:23  Viking, Command Center  
  178  12:25  Enhanced Shockwaves  
  178  12:28  Marine x2  
  178  12:29  Marauder  
  156  12:46  Marine  
  156  12:49  Marauder, Marine x2  
  156  12:50  Siege Tank, Marine  
  128  12:51  Marine x2  
  128  12:52  Marauder  
  128  12:54  Viking  
  128  12:55  Viking, Ghost x2  
  128  12:58  Starport Reactor  
  136  13:01  Planetary Fortress  
  136  13:02  SCV x3  
  136  13:03  SCV  
  136  13:04  Marine  
  141  13:07  Marine  
  141  13:11  Marauder  
  141  13:12  Advanced Ballistics, Missile Turret x2  
  144  13:14  SCV x3  
  147  13:23  SCV  
  147  13:26  Liberator x2  
  154  13:29  Marauder x2  
  154  13:31  SCV  
  158  13:36  Missile Turret, Factory Reactor, Orbital Command  
  158  13:37  Refinery x2  
  158  13:38  Liberator  
  158  13:41  Liberator  
  164  13:46  SCV x2  
  166  13:53  Sensor Tower  
  166  13:57  Missile Turret  
  166  13:58  Sensor Tower  
  166  13:59  Terran Ship Weapons Level 1  
  166  14:02  Marauder, Missile Turret  
  168  14:04  Terran Infantry Armor Level 3  
  168  14:06  Marauder  
  170  14:12  Ghost, Marine x2  
  170  14:14  Widow Mine x2  
  178  14:17  Liberator  
  178  14:20  Missile Turret  
  181  14:25  Missile Turret  
  181  14:29  Liberator  
  181  14:31  Liberator  
  187  14:33  Ghost  
  187  14:35  Marauder x2  
  187  14:37  Missile Turret  
  193  14:39  Barracks  
  193  14:42  Widow Mine x2  
  193  14:44  Liberator  
  200  14:55  Missile Turret, Command Center  
  199  15:32  Barracks Tech Lab  
  197  16:05  Liberator  
  198  16:21  Marine  
  198  16:22  Marauder, Marine  
  198  16:25  Marauder, Marine x2  
  183  16:31  Marauder, Marine x3  
  183  16:32  Liberator x2  
  194  16:34  Widow Mine x2  
  194  16:39  Marine  
  163  16:40  Marauder, Marine  
  163  16:43  Marine  
  163  16:44  Viking  
  153  16:48  Marauder  
  153  16:49  Marauder, Marine x2  
  153  16:50  Liberator  
  153  16:52  Starport  
  153  16:53  Ghost  
  154  16:54  Marine  
  154  16:55  Armory  
  155  17:02  Ghost x2  
  155  17:03  Terran Ship Weapons Level 2, Marine x2  
  161  17:13  Liberator  
  161  17:15  Liberator, Viking  
  169  17:16  Widow Mine x2, Ghost x2  
  169  17:21  Missile Turret  
  169  17:22  Ghost  
  179  17:26  Missile Turret  
  179  17:27  Missile Turret  
  179  17:29  Missile Turret  
  179  17:30  Missile Turret  
  179  17:32  Missile Turret  
  179  17:33  Viking  
  181  17:37  Refinery  
  181  17:39  Refinery  
  181  17:40  Starport Reactor  
  181  17:45  Liberator  
  180  17:53  Ghost  
  180  17:54  Marauder x2  
  186  18:00  Planetary Fortress, Command Center  
  186  18:02  Liberator x2  
  188  18:06  Marauder x2  
  192  18:16  Personal Cloaking  
  192  18:18  Hi-Sec Auto Tracking, Neosteel Armor  
  192  18:19  Missile Turret x2  
  192  18:21  Missile Turret x2  
  192  18:24  Missile Turret  
  183  18:37  Viking  
  183  18:38  Liberator, Viking  
  183  18:39  Ghost  
  185  18:42  Viking  
  185  18:45  Viking  
  177  18:49  Marine x2  
  177  18:50  Marauder  
  177  18:53  Viking  
  168  19:03  Missile Turret  
  168  19:05  Marauder  
  168  19:07  Viking  
  172  19:10  Missile Turret  
  172  19:12  Liberator  
  172  19:13  Liberator  
  172  19:14  Missile Turret x2  
  178  19:23  Viking x2  
  182  19:29  Viking  
  169  19:38  Liberator  
  169  19:40  Marauder x3  
  169  19:42  Terran Ship Weapons Level 3, Nuke, Terran Vehicle And Ship Armor Level 1  
  173  19:50  Widow Mine  
  173  19:51  Widow Mine  
  176  19:59  Viking x2  
  179  20:04  Liberator x2  
  179  20:05  Viking  
  186  20:08  Marauder x2  
  190  20:17  Missile Turret x2  
  190  20:18  Missile Turret  
  190  20:19  Missile Turret  
  190  20:20  Missile Turret  
  190  20:21  Missile Turret, Viking  
  190  20:22  Missile Turret  
  190  20:23  Missile Turret  
  192  20:30  Viking  
  192  20:33  Viking  
  192  20:35  Viking  
  198  20:47  Marauder  
  200  20:58  Nuke  
  200  21:00  Command Center  
  187  21:28  Viking  
  176  21:40  Viking x2  
  176  21:42  Marauder x2, Marine x5  
  176  21:43  Marauder  
  176  21:44  Viking x2  
  165  21:54  Marine  
  165  21:56  Viking  
  165  21:58  Ghost  
  165  22:00  Marauder, Marine  
  173  22:02  Liberator  
  176  22:08  Nuke  
  176  22:17  Liberator x3  
  176  22:19  Marauder x3  
  176  22:20  Marine  
  182  22:31  Liberator x2  
  179  22:41  Terran Vehicle And Ship Armor Level 2  
  179  22:43  Marauder x2, Marine x2  
  179  22:44  Marauder, Marine x2  
  169  22:47  Marine  
  169  22:50  Liberator  
  169  22:51  Ghost  
  174  22:52  Marauder  
  173  23:06  Liberator  
  173  23:07  Liberator  
  173  23:08  Liberator  
  179  23:16  Marauder  
  179  23:17  Marauder x2  
  179  23:18  Marine  
  179  23:19  Marine  
  183  23:22  Liberator  
  183  23:23  Liberator  
  189  23:28  Command Center  
  189  23:37  Medivac  
  191  23:49  Liberator  
  181  24:02  Liberator, Marine x2  
  177  24:03  Viking  
  177  24:05  Marine  
  177  24:08  Marauder x2  
  177  24:09  Marauder  
  186  24:20  Missile Turret  
  186  24:21  Missile Turret  
  186  24:30  Viking  
  188  24:31  Liberator  
  188  24:32  Ghost  
  188  24:37  Nuke  
  191  24:41  Marine  
  191  24:42  Ghost  
  191  24:43  Marine x2  
  196  24:51  Marine  
  189  25:05  Viking  
  188  25:10  Marine x2  
  188  25:11  Viking  
  188  25:12  Marine  
  174  25:17  Viking  
  174  25:27  Marine x2  
  172  25:29  Viking  
  172  25:30  Medivac x2  
  175  25:39  Planetary Fortress  
  170  25:50  Liberator  
  170  25:51  Viking x2  
  170  25:53  Terran Vehicle And Ship Armor Level 3  
  173  26:08  Viking  
  173  26:09  Missile Turret  
  173  26:10  Missile Turret  
  173  26:16  Viking  
  171  26:22  Ghost x2  
  173  26:30  Sensor Tower  
  173  26:32  Viking  
  175  26:39  Viking  
  177  26:45  Viking  
  179  26:57  Ghost x2  
  183  27:03  Viking  
  180  27:12  Viking x2  
  180  27:21  Ghost  
  179  27:25  Ghost  
  179  27:29  Marine  
  176  27:32  Marauder, Marine  
  176  27:38  Liberator  
  176  27:40  Marine  
  182  27:44  Marauder  
  180  27:52  Liberator  
  180  27:55  Marauder  
  185  28:05  Liberator  
  186  28:10  Liberator  
  189  28:14  Medivac  
  181  28:24  Marine x3  
  181  28:26  Medivac x2  
  183  28:35  Viking  
  186  28:41  Marauder  
  184  28:51  Marine x3  
  184  28:52  Ghost  
  187  28:57  Marine  
  187  28:59  Marine  
  186  29:09  Marine x2  
  183  29:10  Marine x4  
  177  29:34  Marine x2  
  178  29:42  Viking  
  178  29:43  Marine  
  162  29:46  Marine  
  162  29:50  Marine x2  
  162  29:51  Marine x3  
  162  29:52  Marine  
  159  29:53  Viking  
  159  29:58  Marine x2  
  157  30:01  Marine  
  156  30:08  Marine  

Tags
 
Add a new tag
Caveats
  • Supply blocks, unpowered buildings, or Contaminate may cause inaccurate times.
  • Supply counts are checked every 10 seconds.